Map: Pillars of Gold LE

Players

Stats

  • Race: Protoss Protoss
  • Spawn Location: 1:00

Reynor - Winner!

  • Race: Zerg Zerg
  • Spawn Location: 7:00

Event: IEM Katowice 2021

VOD

Have the link to the VOD?

Description

Time

  • Played on: Feb. 26, 2021, 9:24 a.m.
  • Length: 8:38

All games in this series

Show
View Real Time Build Order
Export as new Build Order

Stats Protoss 

Build Orders: 1 Gate Expand, Oracle Opening, Zealot Archon 

Get SALT Encoding   

  12  0:00  Probe  
  13  0:12  Probe  
  14  0:19  Pylon  
  14  0:24  Probe  
  15  0:37  Probe (Chrono Boost)  
  16  0:44  Gateway  
  16  0:47  Probe (Chrono Boost)  
  17  0:52  Assimilator, Probe  
  18  1:04  Probe  
  19  1:16  Probe  
  20  1:28  Nexus  
  20  1:38  Cybernetics Core  
  20  1:41  Probe  
  21  1:47  Assimilator  
  21  1:53  Probe  
  22  1:57  Pylon  
  22  2:05  Probe (Chrono Boost)  
  23  2:12  Adept (Chrono Boost)  
  23  2:17  Probe (Chrono Boost)  
  26  2:23  Stargate  
  26  2:25  Probe (Chrono Boost)  
  27  2:30  Warp Gate  
  27  2:36  Probe (Chrono Boost)  
  28  2:37  Adept  
  28  2:40  Probe (Chrono Boost)  
  31  2:49  Probe (Chrono Boost)  
  31  2:50  Probe (Chrono Boost)  
  33  2:54  Probe (Chrono Boost)  
  33  2:57  Probe  
  35  3:00  Void Ray (Chrono Boost)  
  35  3:10  Probe x2  
  41  3:22  Probe x2  
  41  3:24  Pylon, Gateway  
  43  3:34  Probe x2  
  45  3:42  Oracle  
  48  3:48  Probe  
  48  3:49  Probe  
  48  3:54  Nexus  
  50  3:56  Pylon  
  50  4:03  Assimilator  
  50  4:04  Assimilator  
  50  4:05  Probe  
  50  4:07  Probe  
  52  4:11  Stargate  
  52  4:17  Probe  
  52  4:19  Probe  
  52  4:20  Void Ray  
  52  4:21  Pylon  
  54  4:30  Probe  
  54  4:31  Probe  
  60  4:36  Pylon  
  60  4:42  Probe  
  60  4:43  Probe  
  62  4:50  Void Ray (Chrono Boost)  
  62  4:54  Probe, Forge, Twilight Council  
  62  4:55  Probe  
  62  4:57  Void Ray (Chrono Boost)  
  73  5:07  Probe (Chrono Boost)  
  73  5:08  Probe (Chrono Boost)  
  73  5:10  Probe (Chrono Boost)  
  75  5:18  Shield Battery, Probe x2 (Chrono Boost)  
  78  5:21  Probe (Chrono Boost)  
  78  5:23  Probe x2 (Chrono Boost)  
  78  5:27  Void Ray  
  80  5:29  Pylon  
  80  5:30  Probe  
  80  5:31  Void Ray  
  80  5:33  Probe  
  80  5:34  Probe  
  87  5:42  Assimilator  
  91  5:43  Probe  
  91  5:44  Assimilator  
  91  5:45  Probe  
  91  5:47  Probe  
  91  5:49  Pylon  
  94  5:52  Protoss Ground Weapons Level 1 (Chrono Boost)  
  94  5:54  Pylon, Charge  
  94  6:01  Robotics Facility  
  94  6:04  Probe x2  
  94  6:05  Probe  
  97  6:14  Pylon  
  97  6:16  Gateway  
  97  6:19  Gateway  
  97  6:27  Zealot, Adept  
  97  6:32  Templar Archives  
  99  6:36  Probe x3  
  99  6:53  Zealot x2  
  99  6:54  Shield Battery  
  103  6:56  Shield Battery  
  103  6:59  Gateway  
  103  7:00  Gateway  
  103  7:02  Gateway  
  103  7:03  Photon Cannon, Gateway  
  103  7:04  Photon Cannon  
  103  7:06  Gateway  
  103  7:08  Gateway  
  103  7:14  Photon Cannon x2, High Templar x3  
  103  7:15  High Templar  
  111  7:19  Archon x2  
  111  7:22  Photon Cannon  
  111  7:23  Shield Battery  
  111  7:25  Observer  
  112  7:32  Pylon  
  112  7:33  Pylon  
  112  7:37  Photon Cannon  
  112  7:39  Shield Battery  
  112  7:47  High Templar x3  
  116  7:55  Zealot x3  
  116  7:56  Archon, High Templar  
  112  8:00  Archon  
  112  8:01  Zealot x2  
  112  8:03  Shield Battery  
  114  8:05  Shield Battery  
  114  8:07  Zealot  
  94  8:17  Zealot x3  
  84  8:21  Zealot x4  
  84  8:26  Zealot x4  
  81  8:27  Zealot  
  81  8:33  Zealot  
Show
View Real Time Build Order
Export as new Build Order

Reynor Zerg - Winner!

Build Orders: Hatch First 

Get SALT Encoding   

  12  0:00  Drone  
  13  0:12  Overlord  
  13  0:17  Drone  
  14  0:31  Drone x2  
  16  0:42  Drone  
  17  0:53  Hatchery  
  17  0:56  Drone  
  17  1:00  Drone  
  18  1:10  Extractor  
  17  1:16  Spawning Pool  
  16  1:20  Drone  
  16  1:23  Drone  
  18  1:29  Drone  
  19  1:39  Drone  
  20  1:49  Overlord  
  20  2:00  Drone  
  21  2:05  Queen x2  
  21  2:07  Drone  
  26  2:12  Zergling x2  
  27  2:16  Zergling x2  
  27  2:21  Drone  
  29  2:24  Metabolic Boost  
  29  2:26  Drone  
  30  2:41  Hatchery  
  30  2:43  Drone  
  30  2:46  Drone  
  30  2:49  Zergling x2  
  32  2:55  Overlord  
  32  2:56  Drone  
  33  3:01  Drone  
  33  3:05  Queen  
  36  3:10  Drone  
  36  3:14  Drone  
  36  3:15  Drone  
  36  3:17  Overlord  
  36  3:19  Drone  
  38  3:22  Drone  
  38  3:24  Drone  
  40  3:31  Drone x2  
  42  3:36  Queen  
  42  3:40  Drone  
  45  3:43  Queen  
  45  3:46  Zergling x2  
  48  3:53  Spore Crawler  
  48  3:54  Drone x4  
  51  3:56  Zergling x2  
  51  3:58  Drone  
  51  4:02  Queen  
  53  4:08  Overlord  
  55  4:10  Zergling x2  
  55  4:11  Drone  
  55  4:15  Overlord  
  57  4:19  Drone  
  57  4:20  Overlord  
  58  4:27  Baneling Nest  
  58  4:28  Drone x4  
  58  4:29  Drone  
  62  4:32  Overlord  
  62  4:33  Drone  
  63  4:38  Lair  
  63  4:40  Drone  
  63  4:41  Drone  
  63  4:42  Extractor  
  63  4:44  Drone  
  65  4:50  Drone x5  
  65  4:51  Drone  
  71  4:57  Queen  
  73  5:00  Drone x2  
  73  5:01  Drone x2  
  73  5:03  Evolution Chamber  
  73  5:04  Overlord  
  76  5:11  Zergling x2  
  76  5:13  Drone  
  76  5:14  Drone x2  
  78  5:16  Extractor  
  78  5:17  Drone x2  
  78  5:18  Extractor, Drone x2  
  78  5:19  Extractor, Drone  
  78  5:20  Extractor  
  80  5:26  Overlord, Drone x2  
  80  5:27  Drone x3  
  85  5:30  Zerg Missile Weapons Level 1  
  85  5:36  Drone  
  85  5:40  Hydralisk Den  
  85  5:44  Overlord  
  85  5:50  Drone  
  85  5:54  Zergling x18  
  85  5:55  Queen  
  85  5:56  Overlord  
  97  5:59  Overlord  
  97  6:02  Overlord  
  97  6:15  Hydralisk x8  
  97  6:17  Overlord  
  108  6:35  Hydralisk x3  
  108  6:36  Zergling x12  
  108  6:38  Grooved Spines  
  117  6:40  Overlord  
  117  6:44  Hydralisk  
  117  6:45  Zergling x4, Extractor  
  115  6:47  Queen  
  115  6:49  Overlord  
  115  6:51  Hydralisk  
  115  6:52  Hydralisk  
  121  6:54  Hydralisk  
  121  6:57  Hydralisk  
  121  6:58  Zergling x2  
  121  6:59  Zergling x2  
  127  7:03  Hydralisk  
  127  7:04  Zergling x2  
  130  7:09  Hydralisk x3  
  130  7:13  Baneling  
  130  7:14  Zergling x6, Baneling x6  
  139  7:17  Baneling x2  
  139  7:19  Queen  
  139  7:20  Baneling x2  
  139  7:22  Zergling x6  
  144  7:23  Zergling x4  
  144  7:25  Baneling  
  144  7:26  Baneling x2  
  144  7:28  Zergling x2  
  147  7:30  Baneling x4  
  147  7:32  Zergling x2  
  147  7:34  Overlord  
  147  7:35  Hydralisk  
  150  7:43  Baneling x6  
  147  7:46  Zergling x6  
  143  7:54  Hydralisk  
  143  7:55  Zergling x8  
  143  7:57  Hydralisk  
  139  8:00  Queen x2  
  139  8:04  Hydralisk  
  138  8:05  Hydralisk  
  138  8:10  Hydralisk  
  127  8:19  Zergling x2  

Tags
 
Add a new tag
Caveats
  • Supply blocks, unpowered buildings, or Contaminate may cause inaccurate times.
  • Supply counts are checked every 10 seconds.